 Dungeon Crawl Stone Soup version 0.31.0-11-ge490571c62 (webtiles) character file.

Game seed: 17003753018000574708

64 qw the Shooter (level 3, 0/20 HPs)
             Began as a Deep Elf Hunter on Feb 5, 2024.
             Succumbed to a kobold's poison
             ... on level 2 of the Dungeon.
             The game lasted 00:00:28 (837 turns).

qw the Shooter (Deep Elf Hunter)                     Turns: 837, Time: 00:00:29

Health: 0/20       AC:  3    Str: 10    XL:     3   Next: 91%
Magic:  5/5        EV: 12    Int: 13    God:
Gold:   53         SH:  0    Dex: 18    Spells: 2/2 levels left

rFire   . . .        a - +0 shortbow
rCold   + . .        (shield currently unavailable)
rNeg    . . .        c - +0 leather armour
rPois   .            (no helmet)
rElec   .            (no cloak)
rCorr   .            (no gloves)
SInv    .            (no boots)
Will    .....        (no amulet)
Stlth   ++           h - ring of protection from cold
HPRegen 0.23/turn    (no ring)
MPRegen 0.09/turn

%: no passive effects
@: lethally poisoned (0 -> -3)
A: no striking features
a: no special abilities


You were on level 2 of the Dungeon.
You visited 1 branch of the dungeon, and saw 2 of its levels.

You collected 53 gold pieces.


   Skills:
 - Level 1.5 Fighting
 + Level 7.3 Ranged Weapons
 - Level 2.4 Dodging
 - Level 1.2 Stealth


You had 2 spell levels left.
You didn't know any spells.
Your spell library was empty.

Inventory:

Hand Weapons
 a - a +0 shortbow (weapon)
Armour
 b - a +0 cloak
 c - a +0 leather armour (worn)
 g - a +0 ring mail
Jewellery
 h - a ring of protection from cold (left hand)

Dungeon Overview and Level Annotations

Branches:
Dungeon (2/15)

Altars:

Shops:
D:1 =

Annotations:
D:2 Sigmund


Message History

819 ||| FLEEEEING.
You feel sick.
820 ||| FLEEEEING.
You feel sick.
821 ||| FLEEEEING.
You feel sick.
The kobold throws a poisoned dart.
The poisoned dart hits you!
You are more poisoned.
822 ||| FLEEEEING.
You feel very sick.
You start resting.
You feel sick.
A kobold is nearby!
824 ||| FLEEEEING.
You feel sick.
825 ||| FLEEEEING.
You feel sick.
826 ||| FLEEEEING.
You feel sick.
827 ||| FLEEEEING.
You feel sick.
828 ||| FLEEEEING.
You feel sick.
Enter note:
Enter note:
829 ||| FLEEEEING.
You feel sick.
You are no longer poisoned.
830 ||| FLEEEEING.
831 ||| FLEEEEING.
The kobold throws a poisoned dart.
The poisoned dart closely misses you.
832 ||| FLEEEEING.
833 ||| FLEEEEING.
834 ||| FLEEEEING.
835 ||| FLEEEEING.
The kobold throws a poisoned dart.
The poisoned dart hits you.
You are lethally poisoned!
836 ||| FLEEEEING.
You feel sick.
837 ||| FLEEEEING.
You die...

.#######.####.......#############
...........^................%....
............#............#.######
......####..#..............# #.
.........##.#.............## #.
......##.##...............# #...
..........#)..............# #..##
..................#..#....###.# #
.....##..)......@.............
................#.%........##.#
......#.................####
......#....).............####
......#..............)......#
......####...###.#..#.#.....#
.........#.##.>..#..........###
.....##......<...#......K.....##
...).......##.......#.##.......##


There were no monsters in sight!

Vanquished Creatures
  2 adders (D:2)
  2 ribbon worms (D:2)
  A dart slug (D:2)
  4 ball pythons
  5 endoplasms
  2 giant cockroaches (D:1)
  7 goblins
  3 hobgoblins (D:1)
  A quokka (D:2)
  3 bats
  A kobold (D:2)
  5 rats
36 creatures vanquished.

Notes
Turn   | Place    | Note
-------+----------+-------------------------------------------
     0 | D:1      | qw the Deep Elf Hunter began the quest for the Orb.
     0 | D:1      | Reached XP level 1. HP: 12/12 MP: 3/3
     0 | D:1      | 0 ||| qw: Version: 0.3-a-160-g6735b56
     0 | D:1      | 0 ||| qw: Game counter: 6489
     0 | D:1      | 0 ||| qw: Melee chars always use a shield: true
     0 | D:1      | 0 ||| qw: God list: Okawaru
     0 | D:1      | 0 ||| qw: Allow faded altars: false
     0 | D:1      | 0 ||| qw: Do Orc after clearing Dungeon:15 true
     0 | D:1      | 0 ||| qw: Do second Lair branch before Depths: true
     0 | D:1      | 0 ||| qw: Lair rune preference: random
     0 | D:1      | 0 ||| qw: Goals: Normal
     0 | D:1      | 0 ||| PLANNING D:1-11
   104 | D:1      | Reached XP level 2. HP: 16/16 MP: 4/4
   109 | D:1      | Reached skill level 6 in Ranged Weapons
   150 | D:1      | Found Saab's Jewellery Shoppe.
   160 | D:1      | 160 ||| SHOPLISTING amulet of reflection (330 gold, have
                  | 16).
   160 | D:1      | 160 ||| SHOPLISTING amulet of the acrobat (330 gold, have
                  | 16).
   160 | D:1      | 160 ||| SHOPLISTING ring of Ekhlocsa {Fly rC+ Stlth+} (377
                  | gold, have 16).
   160 | D:1      | 160 ||| SHOPLISTING ring of Yvewamp {AC+4 Str+3} (542 gold,
                  | have 16).
   160 | D:1      | 160 ||| SHOPLISTING ring of fire (275 gold, have 16).
   160 | D:1      | 160 ||| SHOPLISTING ring of ice (275 gold, have 16).
   160 | D:1      | 160 ||| SHOPLISTING ring of the Republic {rCorr Slay+2}
                  | (389 gold, have 16).
   381 | D:1      | 381 ||| UPGRADING to ring of protection from cold.
   382 | D:1      | 382 ||| READING 2 scrolls labelled KECZIN TUTHRUEBAR.
   387 | D:1      | 387 ||| READING scroll labelled SAPHOTW NISI.
   388 | D:1      | 388 ||| READING scroll labelled MIMPYD SENULLA.
   389 | D:1      | 389 ||| READING scroll labelled YLATAY BIOWA.
   490 | D:1      | 490 ||| DRINKING 2 bubbling white potions.
   491 | D:1      | 491 ||| DROPPING scroll of butterflies.
   532 | D:2      | Reached XP level 3. HP: 20/20 MP: 5/5
   618 | D:2      | Reached skill level 7 in Ranged Weapons
   787 | D:2      | Noticed Sigmund
   791 | D:2      | 791 ||| DRINKING 2 cyan potions.
   797 | D:2      | 797 ||| DRINKING potion of curing.
   797 | D:2      | 797 ||| (to cure confusion)
   798 | D:2      | HP: 5/20 [Sigmund/+0 scythe (10)]
   799 | D:2      | 799 ||| READING scroll of teleportation.
   800 | D:2      | 800 ||| DRINKING potion of heal wounds.
   819 | D:2      | 819 ||| FLEEEEING.
   820 | D:2      | 820 ||| FLEEEEING.
   821 | D:2      | 821 ||| FLEEEEING.
   822 | D:2      | 822 ||| FLEEEEING.
   824 | D:2      | 824 ||| FLEEEEING.
   825 | D:2      | 825 ||| FLEEEEING.
   825 | D:2      | HP: 4/20 [poisoned by a kobold]
   826 | D:2      | 826 ||| FLEEEEING.
   827 | D:2      | 827 ||| FLEEEEING.
   828 | D:2      | 828 ||| FLEEEEING.
   829 | D:2      | 829 ||| FLEEEEING.
   829 | D:2      | HP: 1/20 [poisoned by a kobold]
   830 | D:2      | 830 ||| FLEEEEING.
   831 | D:2      | 831 ||| FLEEEEING.
   832 | D:2      | 832 ||| FLEEEEING.
   833 | D:2      | 833 ||| FLEEEEING.
   834 | D:2      | 834 ||| FLEEEEING.
   835 | D:2      | 835 ||| FLEEEEING.
   836 | D:2      | 836 ||| FLEEEEING.
   836 | D:2      | HP: 1/20 [poisoned by a kobold]
   837 | D:2      | 837 ||| FLEEEEING.
   837 | D:2      | Succumbed to a kobold's poison

Levels and vault maps discovered:
D:1:      minmay_arrival_three_doors, layout_rooms, serial_shops, shop
D:2:      layout_rooms, uniq_sigmund

Skill      XL: |  1  2  3 |
---------------+----------+-----
Ranged Weapons | 6 7 |  7.3
Fighting       | |  1.5
Dodging        | |  2.4
Stealth        | |  1.2

Action                     || total
---------------------------++-------
   Fire: Shortbow          ||    93
    Use: Scroll            ||     5
         Potion            ||     4
 Armour: Leather armour    ||     7
  Dodge: Dodged            ||    11

Table legend:
 A = Non-vault XP
 B = Vault XP
 C = Vault XP percentage of total XP
 D = Non-vault monster count
 E = Vault monster count
 F = Vault count percentage of total count
                 A         B        C        D         E       F
            +---------+---------+-------+---------+---------+-------
      Total |      92 |       0 |   0.0 |      36 |       0 |   0.0
            +---------+---------+-------+---------+---------+-------
        D:1 |      30 |       0 |   0.0 |      18 |       0 |   0.0
        D:2 |      62 |       0 |   0.0 |      18 |       0 |   0.0
            +---------+---------+-------+---------+---------+-------
